cohdb
Replays
Latest Replays
All Replays
Popular Replays
Top Player Replays
Match Explorer
How It Works
Community
CoH3 Stats
Reddit
Sign in to upload your games and track your stats! →
Sign in with Steam
Match 42373241
Unlisted
Match 42373241
Overview
Messages
Build Orders
End
Kradschützen Motorcycle Team
Panzergrenadier Squad
250 Light Carrier
Panzergrenadier Squad
Construct Light Support Kompanie
MG34 Team
Fire Support Elements
2.5-tonne Medical Truck
Panzergrenadier Squad
Pak 38 Mechanized Group
Combat Half-tracks
Selects Italian Infantry
Selects Defensive Operations
Selects Guastatori Squad
Construct Panzerarmee Kommand
Selects Registered Artillery
Guastatori Squad
Panzer III L Medium Tank
Registered Artillery
Guastatori Squad
Kradschützen Motorcycle Team
Selects Towed Cannone da 105/28 Field Howitzer
Flak 36 Anti-tank Gun Team
Vehicle Survival Package
Panzer III L Medium Tank
Walking Stuka Rocket Launcher
Registered Artillery
Armored Reserves
Guastatori Squad
Registered Artillery
Panzer IV Assault Group
Selects Prepared Positions
Selects Obice 305mm Barrage
Obice 305mm Barrage
Registered Artillery
Obice 305mm Barrage
Panzer III L Medium Tank
Assault Grenadier Squad
Registered Artillery
Obice 305mm Barrage
Tungsten Core Ammunition
Etgo
Hk
Jarkke
Skr13
McVodka
MTN_Bergzwerg
0
0
Comments
sign in to comment!
No comments posted yet!